[Event "NJSK 2026 Meisjes B"]
[Site "Helmond, Netherlands"]
[Date "2026.04.30"]
[Round "6.3"]
[White "Regterschot, Frederieke"]
[Black "Jorritsma, Eli Alia"]
[Result "1/2-1/2"]
[TimeControl "90min/40moves + 30min + 30sec/move"]
[WhiteTitle "-"]
[BlackTitle "-"]
[WhiteFideId "1083961"]
[BlackFideId "1080849"]
[WhiteElo "1792"]
[BlackElo "1861"]

1. d4 f5 2. Nf3 Nf6 3. c4 e6 4. Nc3 Be7 5. e3 O-O 6. Bd3 b6 7. O-O Bb7 8. Re1 Ne4 9. Nd2 d5 10.
Ndxe4 fxe4 11. Bc2 Bd6 12. Ne2 Qf6 13. Rf1 Nc6 14. a3 Ne7 15. Ng3 Nf5 16. Nxf5 exf5 17. cxd5 Bxd5 18. Bd2 Qh4 19.
h3 a5 20. Bb3 Bf7 21. Be1 Qh6 22. Bxf7+ Rxf7 23. Qb3 Raf8 24. f3 a4 25. Qc3 Re7 26. Bd2 Qg5 27. f4 Qh6 28. Qc4+ Re6 29.
Qxa4 g5 30. Qb3 gxf4 31. exf4 Kh8 32. Rae1 Rg6 33. d5 Qh4 34. Kh2 Re8 35. g3 Qh5 36. Bc3+ Kg8 37. Bd4 Rh6 38. h4 Qg4 39.
Rc1 Kf7 40. Rc2 Rg8 41. Be5 Rc8 42. Rfc1 Bc5 43. d6+ Kf8 44.
Qc3 cxd6 45. Bd4 Ke7 46. b4 Bxd4 47. Qxc8 Rxh4+ 48. gxh4 Qxh4+ 49. Kg2 Qg4+ 50. Kh2 Qh4+ 51. Kg2 Qg4+ 1/2-1/2

[Event "NJSK 2026 Meisjes B"]
[Site "Helmond, Netherlands"]
[Date "2026.04.30"]
[Round "6.4"]
[White "Omnes, Zoe"]
[Black "Hardeman, Imara"]
[Result "0-1"]
[TimeControl "90min/40moves + 30min + 30sec/move"]
[WhiteTitle "-"]
[BlackTitle "-"]
[WhiteFideId "1095200"]
[BlackFideId "40100596"]
[WhiteElo "1485"]
[BlackElo "1718"]

1. e4 c6 2. d4 d5 3. exd5 cxd5 4. Bd3 Nc6 5. c3 Qc7 6. Nf3 Bg4 7. Be3 e6 8. Nbd2 Bd6 9. Qc2 Nge7 10.
h3 Bf5 11. Nh4 Bxd3 12. Qxd3 f6 13. Nhf3 h6 14. h4 e5 15. dxe5 fxe5 16. Qe2 O-O-O 17. Nb3 Nf5 18. Bc5 Rhe8 19.
Bxd6 Qxd6 20. O-O-O e4 21. Nfd4 Ncxd4 22. Nxd4 Qf4+ 23. Qd2 Nxd4 24. cxd4 Rf8 25. Qxf4 Rxf4 26. Rdf1 Rdf8 27. f3 exf3 28.
gxf3 Rxd4 29. Rhg1 Rf7 30. h5 Rh4 31. Rh1 Rxh1 32. Rxh1 Rxf3 33. Rg1 Rf7 34. Re1 Kd7 35. Rg1 Re7 36.
Kd2 Kc6 37. Kd3 Kd6 38. Rg6+ Ke5 39. Ke3 Re6 40. Rg2 Kd6+ 41. Kd3 Re7 42. b4 Kc6 43. a4 a6 44. Rg6+ Kc7 45. b5 axb5 46.
axb5 Kd8 47. Kd4 Ke8 48. Kxd5 Kf7 49. Rb6 Rc7 50. Rg6 Rc1 51. Rb6 Rd1+ 52. Ke5 Rd7 53. Rd6 Rc7 54. Rd5 g6 55.
b6 Re7+ 56. Kf4 gxh5 57. Rxh5 Re6 58. Rb5 Ke7 59. Kf5 Rf6+ 60. Ke4 Kd7 61. Ke5 Rg6 62. Kf4 Kc6 63. Rb2 Kc5 64. Ke5 Rg5 65.
Kf6 Rd5 66. Rh2 Kxb6 67. Ke7 h5 68. Ke6 Kc6 69. Rc2+ Rc5 70. Rd2 b6 71. Rd8 Kb5 72. Rd1 h4 73. Rd4 Rh5 74. Rd2 h3 75.
Rh2 Kc4 76. Kf6 b5 77. Kg6 Rh4 78. Kg5 Rh8 79. Kf4 Kc3 80. Ke3 b4 81. Ke2 b3 82. Kf3 b2 83. Rxb2 Kxb2 84. Kg3 h2 85. Kf4 h1=Q 0-1

[Event "NJSK 2026 Meisjes B"]
[Site "Helmond, Netherlands"]
[Date "2026.05.01"]
[Round "7.2"]
[White "Jorritsma, Eli Alia"]
[Black "Omnes, Zoe"]
[Result "1-0"]
[TimeControl "90min/40moves + 30min + 30sec/move"]
[WhiteTitle "-"]
[BlackTitle "-"]
[WhiteFideId "1080849"]
[BlackFideId "1095200"]
[WhiteElo "1861"]
[BlackElo "1485"]

1. d4 Nf6 2. c4 g6 3. Nc3 Bg7 4. Nf3 d6 5. e4 O-O 6. Be2 e5 7. O-O Nc6 8. d5 Ne7 9. h3 c6 10.
Be3 cxd5 11. cxd5 a6 12. a4 Bd7 13. a5 Nc8 14. Qb3 Rb8 15. Bxa6 Qc7 16. Bd3 Re8 17. Rfc1 Qd8 18. a6 b6 19.
Nd2 Ra8 20. Nc4 b5 21. Nd2 Na7 22. Qb4 Qe7 23. Qa5 Rec8 24. Nxb5 Rxc1+ 25. Rxc1 Nxb5 26. Bxb5 Bxb5 27. Qxb5 Qd8 28.
a7 Nd7 29. Qc6 Bf8 30. b4 Be7 31. b5 Nc5 32. b6 Bf8 33. Qb5 Qc8 34. Bxc5 dxc5 35. b7 Qe8 36. Qxe8 Rxe8 37. b8=Q Rxb8 38.
axb8=Q 1-0

[Event "NJSK 2026 Meisjes B"]
[Site "Helmond, Netherlands"]
[Date "2026.05.01"]
[Round "8.1"]
[White "Jorritsma, Eli Alia"]
[Black "Hardeman, Imara"]
[Result "0-1"]
[TimeControl "90min/40moves + 30min + 30sec/move"]
[WhiteTitle "-"]
[BlackTitle "-"]
[WhiteFideId "1080849"]
[BlackFideId "40100596"]
[WhiteElo "1861"]
[BlackElo "1718"]

1. c4 c6 2. Nc3 d5 3. cxd5 cxd5 4. d4 Nf6 5. Bg5 e6 6. e3 Nc6 7.
Bd3 Bd7 8. Qc2 h6 9. Bh4 Be7 10.
Nf3 a6 11. O-O O-O 12. Rab1 Nb4 13. Qd1 Nxd3 14. Qxd3 Rc8 15. Rfc1 Ng4 16. Bxe7 Qxe7 17. h3 Nf6 18. Ne5 Bc6 19. Rc2 Nd7 20. Nxc6 Rxc6 21. Rbc1 Rfc8 22. a3 Nb6 23.
Ne2 Qd7 24. b3 R8c7 25. a4 Qc8 26. Rxc6 Rxc6 27. Rxc6 Qxc6 28. Qc3 Qxc3 29. Nxc3 Kf8 30. a5 Nd7 31. Na4 Ke7 32. Kf1 Kd6 33. Ke2 Kc6 34. Nc3 Kd6 35. f3 Nb8 36. b4 Nc6 37. Na2 f6 38. Kd3 e5 39.
Kc3 exd4+ 40. exd4 Ne7 41. Nc1 Nf5 42. Nd3 Ne3 43. g4 f5 44. Nc5 Kc6 45. Kd3 f4 46. h4 Ng2 47. Ne6 Nxh4 48.
Nxf4 Nxf3 49. Ne6 g6 50. Nf4 g5 51. Nh5 Nh2 52. Nf6 Nf3 53. Ke3 Ne1 54. Kd2 Nf3+ 55. Ke3 Nh4 56. Ng8 Ng6 57. Nxh6 Nf4 58. Nf7 Ne6 59.
Kd3 Kb5 60. Kc3 Ka4 61. Ne5 Kb5 62.
Nd7 Kc6 63. Nc5 Nxc5 64. bxc5 Kb5 65.
Kb3 Kxa5 66. Ka3 Kb5 67.
Kb3 a5 68. Ka3 Kc4 69. Ka4 Kxd4 70. Kxa5 Kxc5 0-1

[Event "NJSK 2026 Meisjes B"]
[Site "Helmond, Netherlands"]
[Date "2026.05.01"]
[Round "9.1"]
[White "Hardeman, Imara"]
[Black "Jorritsma, Eli Alia"]
[Result "0-1"]
[TimeControl "90min/40moves + 30min + 30sec/move"]
[WhiteTitle "-"]
[BlackTitle "-"]
[WhiteFideId "40100596"]
[BlackFideId "1080849"]
[WhiteElo "1718"]
[BlackElo "1861"]

1. d4 f5 2. Bf4 Nf6 3. e3 e6 4. Nf3 b6 5. Be2 Bb7 6. O-O Bd6 7. Ne5 Nc6 8. Nxc6 Bxc6 9. Bxd6 cxd6 10. Bf3 d5 11. c3 O-O 12. Nd2 Ne4 13. Be2 d6 14. f3 Nxd2 15. Qxd2 e5 16. dxe5 dxe5 17.
c4 d4 18. exd4 exd4 19. Rad1 Qh4 20.
Qxd4 f4 21. Qd6 Rf6 22. Qe5 Rh6 23. h3 Qg3 24. Qf5 Rg6 25. Rf2 Re8 26. Qc2 Qxh3 27. c5 Qg3 28. Bc4+ Kh8 29. Bd5 Bxd5 30.
Re2 0-1

[Event "NJSK 2026 Meisjes B"]
[Site "Helmond, Netherlands"]
[Date "2026.05.01"]
[Round "10.1"]
[White "Jorritsma, Eli Alia"]
[Black "Hardeman, Imara"]
[Result "1/2-1/2"]
[TimeControl "90min/40moves + 30min + 30sec/move"]
[WhiteTitle "-"]
[BlackTitle "-"]
[WhiteFideId "1080849"]
[BlackFideId "40100596"]
[WhiteElo "1861"]
[BlackElo "1718"]

1. f4 d5 2. Nf3 c5 3. e3 Nc6 4. Be2 Bf5 5. O-O e6 6. Ne5 Qc7 7. d4 f6 8.
Nxc6 Qxc6 9. Nd2 a6 10. Nf3 c4 11. c3 Be7 12. Nh4 Be4 13.
Bf3 Bxf3 14. Nxf3 Bd6 15. Bd2 Ne7 16. Qc2 Ng6 17. b3 O-O 18. Rab1 b5 19. b4 Rae8 20. Rbe1 e5 21. fxe5 fxe5 22.
Ng5 e4 23. Nh3 Qd7 24. Nf4 Nxf4 25. exf4 Qf5 26. Qd1 Re7 27. g4 Qd7 28. f5 Ref7 29. Bg5 Be7 30. Qd2 Bxg5 31. Qxg5 Qe7 32. Qxe7 Rxe7 33. Re3 Ref7 34. Rg3 Rf6 35. Rg2 R8f7 36. Rgf2 Re7 37. g5 Rf8 38.
f6 gxf6 39. gxf6 Ref7 40. Rf5 Rd8 41. Re5 Rfd7 42. Re6 Rd6 43. Re7 R6d7 44. Re5 Kf7 45. Rh5 Kg6 46. Re5 Kf7 47. Rff5 Rg8+ 48.
Kf2 Rgd8 49. Rf4 Rd6 50. Ref5 Re6 51. Ke3 Rdd6 52. Rh5 Kg6 53. f7 Rf6 54. Rxh7 Rxf4 55. Kxf4 Rf6+ 56. Ke5 Rxf7 57. Rh3 Rf5+ 58. Ke6 Rg5 59. Re3 Rh5 60. Rg3 Rg5 61. Re3 Rh5 62. Rg3 Rg5 63. Re3 Rh5 64. Rg3 1/2-1/2

[Event "NJSK 2026 Meisjes B"]
[Site "Helmond, Netherlands"]
[Date "2026.05.01"]
[Round "11.1"]
[White "Hardeman, Imara"]
[Black "Jorritsma, Eli Alia"]
[Result "1/2-1/2"]
[TimeControl "90min/40moves + 30min + 30sec/move"]
[WhiteTitle "-"]
[BlackTitle "-"]
[WhiteFideId "40100596"]
[BlackFideId "1080849"]
[WhiteElo "1718"]
[BlackElo "1861"]

1. d4 f5 2. Bf4 Nf6 3. e3 e6 4. Nf3 Bd6 5.
Ne5 O-O 6. Be2 b6 7. Bf3 Ne4 8.
Nc4 Bxf4 9. exf4 Bb7 10.
Nbd2 d5 11. Ne5 Nd7 12. O-O Rf6 13. g3 c5 14. c3 Rc8 15. Bg2 Nxe5 16. fxe5 Rg6 17. f3 Nxd2 18. Qxd2 h5 19. Qf4 cxd4 20.
cxd4 Rc2 21. Rf2 Rc4 22. Bf1 Rc7 23. Rc1 Rxc1 24. Qxc1 h4 25. Rg2 hxg3 26. Rxg3 Rxg3+ 27. hxg3 Qe7 28. Qc3 Kf7 29. Kf2 Qd7 30.
Be2 Qc6 31. Qxc6 Bxc6 32. Bd3 g6 33. f4 Ke7 34. Ke2 Kd7 35. a3 Kc7 36. Kd2 Kb7 37. Kc3 a6 38. b4 b5 39. Kd2 Kc7 40.
Ke2 Kd7 41. Kf2 Ke7 42. Kg2 Kf7 43. Kh3 Kg7 44.
g4 Kh6 45. g5+ Kg7 46. Kg3 Kf7 47.
Kf3 Ke7 48. Ke2 Kd7 49. Kf2 1/2-1/2

[Event "NJSK 2026 Meisjes B"]
[Site "Helmond, Netherlands"]
[Date "2026.05.01"]
[Round "12.1"]
[White "Hardeman, Imara"]
[Black "Jorritsma, Eli Alia"]
[Result "1-0"]
[TimeControl "90min/40moves + 30min + 30sec/move"]
[WhiteTitle "-"]
[BlackTitle "-"]
[WhiteFideId "40100596"]
[BlackFideId "1080849"]
[WhiteElo "1718"]
[BlackElo "1861"]

1. d4 f5 2. Bf4 Nf6 3. e3 e6 4. Nf3 b6 5. Ne5 Bb7 6. Be2 Nc6 7. Bf3 Bd6 8. Nxc6 Bxc6 9. Bxc6 dxc6 10. Bxd6 cxd6 11. Nd2 O-O 12.
Nf3 Qc7 13. Ng5 Rfe8 14. Qd3 h6 15.
Nf3 Ne4 16. Nd2 Nxd2 17. Qxd2 e5 18. dxe5 dxe5 19. O-O-O Rad8 20. Qe2 Rd5 21. Qc4 Red8 22.
Rxd5 Rxd5 23. Rd1 Qd7 24. a3 Kf8 25. Rxd5 Qxd5 26. Qb4+ Kf7 27. f3 e4 28. f4 g5 29. g3 gxf4 30.
gxf4 Qa5 31. Qxa5 bxa5 32. Kd1 Kg6 33. Ke2 Kh5 34.
Kf2 Kg4 35. Kg2 a6 36. b4 axb4 37. axb4 h5 38. h3+ Kh4 39.
c3 c5 40. bxc5 a5 41. c6 a4 42. c7 a3 43. c8=Q a2 44. Qd8# 1-0

[ePGN "0.1;DGT LiveChess/2.2.10"]

[Event "NJSK 2026 Jeugd C"]
[Site "Helmond, Netherlands"]
[Date "2026.04.25"]
[Round "1.1"]
[White "Cubuk, Armin"]
[Black "Leenen, Boyd"]
[Result "0-1"]
[TimeControl "90min/40moves + 30sec/move"]
[WhiteTitle "-"]
[BlackTitle "-"]
[WhiteFideId "40105423"]
[BlackFideId "1083937"]
[WhiteElo "1881"]
[BlackElo "2205"]

1. e4 e5 2. Nf3 Nc6 3. d4 exd4 4. Bc4 Bb4+ 5. c3 dxc3 6. bxc3 Ba5 7. O-O Bb6 8. e5 Nge7 9. Ba3 O-O 10.
Re1 h6 11. Bb3 Re8 12. Qd3 d5 13. exd6 cxd6 14. Qxd6 Qxd6 15. Bxd6 Bg4 16. Nbd2 Nf5 17. Bg3 Nxg3 18. hxg3 Ba5 19.
Ne4 Rad8 20. Re3 Kf8 21. Rae1 Bb6 22. R3e2 Bxf3 23. gxf3 Ne5 24. Kg2 Nd3 25. Ba4 Nxe1+ 26. Rxe1 f5 27.
Bxe8 Rxe8 28. Re2 fxe4 29. fxe4 Rc8 30. Rc2 Rc4 31. Kf3 Bd4 32. Ke2 Rxc3 33. Rd2 Bb6 34. Rd7 Rc2+ 35. Kd3 Rxf2 36.
Rxb7 Rxa2 37. Kc4 Rd2 38. e5 Rd4+ 39. Kc3 Re4 40. Rb8+ Kf7 41. Rb7+ Kg6 42. Re7 Bd4+ 43. Kd3 Rxe5 44.
Rd7 Bb6 45. g4 Rg5 46. Rd6+ Kh7 0-1

[Event "NJSK 2026 Jeugd C"]
[Site "Helmond, Netherlands"]
[Date "2026.04.25"]
[Round "1.2"]
[White "Thijssen, Freek"]
[Black "Ozbek, Ahmet Naim"]
[Result "1-0"]
[TimeControl "90min/40moves + 30sec/move"]
[WhiteTitle "-"]
[BlackTitle "-"]
[WhiteFideId "1091840"]
[BlackFideId "40101975"]
[WhiteElo "2159"]
[BlackElo "1869"]

1. e4 e5 2. Nf3 Nc6 3. Bc4 Bc5 4. O-O Nf6 5. d3 h6 6. c3 Bb6 7. Re1 O-O 8. h3 d6 9. Nbd2 Ne7 10.
Bb3 c6 11. Nf1 Ng6 12. Bc2 Re8 13. d4 d5 14. Nxe5 Nxe5 15. dxe5 Nxe4 16. Bxe4 dxe4 17. Qxd8 Rxd8 18. Bf4 g5 19.
Be3 Bc7 20. Bd4 b6 21. b4 Bb7 22. Ng3 c5 23. bxc5 bxc5 24. Bxc5 Bxe5 25. Rab1 Bd5 26. Nxe4 Bxe4 27. Rxe4 Bxc3 28. Rb7 Rd5 29. Bxa7 Be5 30. g3 Ra5 31. Be3 Bd6 32. Rd7 Bf8 33. Rc4 Rxa2 34.
Rcc7 f6 35. Rf7 R2a6 36. Bd4 Rc6 37. Rxf8+ 1-0

[Event "NJSK 2026 Jeugd C"]
[Site "Helmond, Netherlands"]
[Date "2026.04.25"]
[Round "1.3"]
[White "Zhou, Yanyang"]
[Black "Zhang, Xiheng"]
[Result "1/2-1/2"]
[TimeControl "90min/40moves + 30sec/move"]
[WhiteTitle "-"]
[BlackTitle "-"]
[WhiteFideId "40109739"]
[BlackFideId "40102386"]
[WhiteElo "1860"]
[BlackElo "2135"]

1. e4 c5 2. Nf3 e6 3. c3 d5 4. exd5 Qxd5 5. Na3 Nf6 6. d4 a6 7. Nc4 Nbd7 8. Ne3 Qc6 9. Be2 b5 10.
O-O Bb7 11. c4 bxc4 12. Bxc4 cxd4 13. Nxd4 Qc7 14. b3 Bd6 15. h3 O-O 16. Bb2 Rfd8 17. Rc1 Qb8 18. Qe2 Nb6 19. Nf3 Nh5 20. Ne1 Nf4 21. Qg4 g6 22. g3 Nxc4 23. Nxc4 f5 24. Qh4 Ne2+ 25.
Kh2 Nxc1 26. Qf6 e5 27. Qe6+ Kf8 28. Qf6+ Kg8 29. Qe6+ Kf8 30. Qf6+ Ke8 31. Qe6+ Be7 32. Nb6 Qd6 33.
Qg8+ Bf8 34. Nxa8 Ne2 35. Nc2 Bxa8 36. Ba3 Qf6 37. Bxf8 Bd5 38. Bg7+ Bxg8 39. Bxf6 Rd2 40. Nb4 a5 41.
Na6 Nc3 42. Bxe5 Nxa2 43. Bc7 Bxb3 44. Bxa5 Rc2 45. Nb4 Rc5 46. Nxa2 Rxa5 47. Re1+ Kf7 48. Nc1 Bc4 49. Rd1 Ra1 50.
Re1 Rb1 51. Kg1 Kf6 52. h4 Rb2 53. Rd1 Rb1 54. Re1 h6 55. Kh2 g5 56. hxg5+ hxg5 57. Kg1 g4 58. Kh2 Rb8 59. Kg1 Rh8 60.
Kg2 Bd5+ 61. Kf1 Bf3 62. Ne2 Re8 63. Nf4 Rh8 64. Ne2 Rh7 65. Ng1 Rh1 66. Ra1 Kg5 67. Ra4 Bc6 68. Rb4 Be4 69.
Rd4 Bb7 70. Ra4 Kf6 71. Rb4 Rh7 72. Rb6+ Ke5 73. Rb4 Rd7 74. Rb1 Be4 75. Rc1 Ra7 76. Ke1 Bd3 77. Ne2 Ke4 78. Nf4 Bb5 79.
Rb1 Bc4 80. Rc1 Ra4 81. Ng6 Ba6 82. Nf4 Ra2 83. Rb1 Ra3 84. Ng2 Kf3 85. Nh4+ Ke4 86. Ng2 Kd3 87. Rd1+ Ke4 88. Rb1 1/2-1/2

[Event "NJSK 2026 Jeugd C"]
[Site "Helmond, Netherlands"]
[Date "2026.04.25"]
[Round "1.4"]
[White "Teianu, Sabin"]
[Black "Huang, Vincent"]
[Result "1-0"]
[TimeControl "90min/40moves + 30sec/move"]
[WhiteTitle "-"]
[BlackTitle "-"]
[WhiteFideId "1095846"]
[BlackFideId "40104184"]
[WhiteElo "2131"]
[BlackElo "1855"]

1. d4 d5 2. c4 e6 3. Nf3 Nf6 4. Nc3 c6 5. e3 Be7 6. Be2 O-O 7. O-O b6 8. b3 Bb7 9. Bb2 Nbd7 10.
Rc1 Rc8 11. Bd3 Re8 12. Re1 Bf8 13. Ne5 g6 14. f4 Bg7 15. Qe2 Qe7 16. cxd5 exd5 17. Nb1 Nxe5 18. dxe5 Nd7 19. e4 dxe4 20.
Bxe4 Nb8 21. Nd2 c5 22. Bxb7 Qxb7 23. Ne4 Rcd8 24. Rcd1 Qc7 25. Qf2 Rxd1 26. Rxd1 Rd8 27. Re1 h6 28.
Qh4 Nc6 29. Nf6+ Kf8 30. f5 g5 31. Nh7+ Ke8 32. Qe4 Nd4 33. f6 Bh8 34. Bxd4 Rxd4 35. Qf5 Rf4 36. Qh3 Qd8 37. Qxh6 Qd4+ 38.
Kh1 Qf2 39. Qf8+ Kd7 40. Qxf7+ Kc6 41. Qe8+ Kc7 42. Qe7+ Kc8 43. Rg1 Rh4 44. Nxg5 Qg3 45. Qe6+ Kc7 46. Nh3 Qg6 47. Qe7+ Kc6 48.
a4 Qe4 49. f7 Bxe5 50. f8=Q Rxh3 51. Qfe8+ Kd5 52. Q8d7+ Bd6 53. Qdxd6# 1-0

[Event "NJSK 2026 Jeugd C"]
[Site "Helmond, Netherlands"]
[Date "2026.04.25"]
[Round "1.5"]
[White "Roersma, Dylan"]
[Black "Guillaumond, Matthieu"]
[Result "0-1"]
[TimeControl "90min/40moves + 30sec/move"]
[WhiteTitle "-"]
[BlackTitle "-"]
[WhiteFideId "1097393"]
[BlackFideId "1097091"]
[WhiteElo "1846"]
[BlackElo "2104"]

1. e4 c5 2. Nf3 d6 3. d4 cxd4 4. Nxd4 Nf6 5. Nc3 a6 6. Be3 e5 7. Nb3 Be6 8. Qd2 h5 9. f3 Nbd7 10.
O-O-O Rc8 11. Kb1 Be7 12. h4 Qc7 13. g3 b5 14. Nd5 Bxd5 15. exd5 Nb6 16. Bxb6 Qxb6 17. Bh3 Rc7 18. a3 O-O 19.
g4 hxg4 20. Bxg4 Rc4 21. Rhg1 Rf4 22. h5 Nh7 23. Qg2 Bg5 24.
Bd7 Bh6 25. Nc1 Ng5 26. Rd3 Nxf3 27. Rh1 e4 28. Rb3 Ne5 29. Bh3 f5 30. Rg1 Rf2 31. Qg3 Nf3 32. Rxf3 Rxf3 33. Qg6 Rxh3 34. Qe6+ Kh7 35. Rg6 Rxh5 36. Ne2 Rh1+ 37. Ka2 Qc7 38.
Nc3 Qc4+ 39. b3 Qxc3 40. Rxh6+ Rxh6 0-1

[Event "NJSK 2026 Jeugd C"]
[Site "Helmond, Netherlands"]
[Date "2026.04.25"]
[Round "1.6"]
[White "Pathak, Raghav"]
[Black "Nguyen, Paul"]
[Result "1-0"]
[TimeControl "90min/40moves + 30sec/move"]
[WhiteTitle "-"]
[BlackTitle "-"]
[WhiteFideId "1084259"]
[BlackFideId "1095072"]
[WhiteElo "2091"]
[BlackElo "1845"]

1. c4 e5 2. Nc3 Nc6 3. g3 Nf6 4. Bg2 Bc5 5. a3 a6 6. b4 Ba7 7. e3 O-O 8. Nge2 d6 9. Bb2 Be6 10.
d3 d5 11. d4 exd4 12. exd4 Qd7 13. c5 Rfe8 14. O-O Bh3 15. Nf4 Bxg2 16. Kxg2 Qf5 17. h3 Rad8 18. Bc1 Ne4 19. Qd3 Qf6 20.
Be3 Nxc3 21. Qxc3 Ne7 22. Bc1 c6 23. Nd3 Nf5 24. Ne5 Bb8 25. Bf4 Bxe5 26. Bxe5 Qg6 27. Rfe1 Re6 28. Kh2 Rde8 29.
g4 Nh6 30. f4 f5 31. g5 Nf7 32. a4 Nxe5 33. dxe5 h6 34. Rg1 Qh5 35. Ra2 Rg6 36. Rag2 hxg5 37. Rxg5 Rxg5 38. Rxg5 Qe2+ 39.
Rg2 Qh5 40. Qd3 Qh4 41. Qxf5 Rf8 42. Qe6+ Kh8 43. Qg4 Qxg4 44. Rxg4 Kg8 45. Kg3 a5 46. bxa5 Ra8 47. f5 Kf7 48.
e6+ Kf6 49. Kf4 d4 50. Rg6+ Ke7 51. Rxg7+ Kf8 52. Rxb7 d3 53. Rd7 Rxa5 54. Rxd3 Rxc5 55. f6 Ke8 56. f7+ Ke7 57. Rd8 Rc4+ 58.
Kf5 Rc5+ 59. Kg6 Kxe6 60. f8=Q 1-0

[Event "NJSK 2026 Jeugd C"]
[Site "Helmond, Netherlands"]
[Date "2026.04.25"]
[Round "1.7"]
[White "Shaikh, Rushaan"]
[Black "Koppenens, Oscar"]
[Result "0-1"]
[TimeControl "90min/40moves + 30sec/move"]
[WhiteTitle "-"]
[BlackTitle "-"]
[WhiteFideId "40113604"]
[BlackFideId "1087940"]
[WhiteElo "1842"]
[BlackElo "2036"]

1. d4 d5 2. c4 e6 3. Nc3 Nf6 4. Bg5 Bb4 5. e3 Nbd7 6. Nf3 c5 7. a3 Bxc3+ 8. bxc3 Qa5 9. Qb3 Ne4 10.
Rc1 cxd4 11. exd4 Nxg5 12. Nxg5 dxc4 13. Bxc4 Qxg5 14. O-O O-O 15. Rfe1 Nb6 16. Bd3 Bd7 17. Qb2 Bc6 18. f3 Bxf3 19.
Re5 f5 20. Rxe6 Rae8 21. Rce1 Rxe6 22. Rxe6 Bd5 23. Re5 Nc4 24. Qe2 Nxe5 25. dxe5 Qc1+ 26. Kf2 Qf4+ 27. Kg1 Re8 0-1

[Event "NJSK 2026 Jeugd C"]
[Site "Helmond, Netherlands"]
[Date "2026.04.25"]
[Round "1.8"]
[White "Gupta, Akul"]
[Black "Lalkota, Sai Pranav Tejas"]
[Result "1/2-1/2"]
[TimeControl "90min/40moves + 30sec/move"]
[WhiteTitle "-"]
[BlackTitle "-"]
[WhiteFideId "1084194"]
[BlackFideId "1087690"]
[WhiteElo "2017"]
[BlackElo "1830"]

1. d4 d5 2. Nc3 Nf6 3. Bf4 a6 4. e3 Bf5 5. f3 h5 6. Bd3 Bxd3 7. Qxd3 Nc6 8. Nge2 Nb4 9. Qd2 e6 10.
a3 Nc6 11. e4 dxe4 12. fxe4 Qd7 13. O-O-O O-O-O 14. Qe3 Ng4 15. Qg1 Qe8 16. d5 exd5 17. exd5 Nb8 18. Qa7 Bd6 19. Rhe1 Qe7 20.
Bxd6 Qxd6 21. Ne4 Qh6+ 22. Kb1 Ne3 23. Rd3 Nxd5 24. Red1 Qb6 25. Qxb6 Nxb6 26. Ng5 Rxd3 27. Rxd3 f6 28.
Ne6 Re8 29. N2d4 g5 30. Ng7 Re1+ 31. Ka2 h4 32. Rf3 N8d7 33. Nh5 c5 34. Nb3 Re2 35. Nxf6 Rxg2 36. Rf5 Rxh2 37. Nxc5 Rxc2 38.
Ncxd7 Nxd7 39. Nxd7 Kxd7 40. Rxg5 h3 41. Rh5 Ke6 42. Rxh3 Kd6 43. Rh6+ Kc7 44. Rh7+ Kb6 45. a4 Rf2 46.
Rh5 a5 47. Rb5+ 1/2-1/2

[Event "NJSK 2026 Jeugd C"]
[Site "Helmond, Netherlands"]
[Date "2026.04.25"]
[Round "1.9"]
[White "Suthan, Aadvik"]
[Black "Sosef, Noah"]
[Result "0-1"]
[TimeControl "90min/40moves + 30sec/move"]
[WhiteTitle "-"]
[BlackTitle "-"]
[WhiteFideId "1095765"]
[BlackFideId "40107060"]
[WhiteElo "1822"]
[BlackElo "2012"]

1. e4 c6 2. d4 d5 3. Nc3 dxe4 4. Nxe4 Nd7 5. Nf3 Ngf6 6. Nxf6+ Nxf6 7. Bd3 Bg4 8. c3 e6 9. O-O Bd6 10.
Re1 Qc7 11. h3 Bh5 12. Be2 O-O 13. Ne5 Bxe5 14. Bxh5 Bh2+ 15. Kh1 Bf4 16. Bxf4 Qxf4 17. Bf3 Rfd8 18. Qe2 Rab8 19. Rad1 h6 20.
Kg1 Nh7 21. Qe3 Qxe3 22. fxe3 Rd7 23. Re2 Rbd8 24. Red2 Nf6 25. Kf2 e5 26. e4 Re7 27. Re2 h5 28. g4 hxg4 29. hxg4 g5 30.
Kg3 Kg7 31. a4 a5 32. b3 Ree8 33. Red2 exd4 34. Rxd4 Rxd4 35. Rxd4 c5 36. Rc4 Re5 37. b4 b6 38. Kf2 Ne8 39.
Ke3 Nd6 40. Kd3 Nxc4 41. Kxc4 cxb4 42. cxb4 axb4 43. Kxb4 Kf6 44. Kc4 Ra5 45. Bd1 Ke5 46. Kd3 Kf4 47. Kd4 f6 48. Kd3 b5 49.
axb5 Rxb5 50. Kd4 Rb4+ 51. Kd3 Rxe4 52. Kc3 Re3+ 53. Kd2 Rg3 54. Ke1 Rg1+ 55. Ke2 Rxd1 56. Kxd1 Kxg4 57. Ke2 Kg3 58.
Kf1 Kh2 59. Kf2 g4 60. Ke3 g3 61. Kf4 g2 62. Kf5 g1=Q 63. Kxf6 Qc5 64. Ke6 Kg3 65. Kf6 Kf4 66. Kg7 Qf5 67.
Kh8 Qd7 68. Kg8 Kg5 69. Kh8 Kg6 70. Kg8 Qg7# 0-1

[Event "NJSK 2026 Jeugd C"]
[Site "Helmond, Netherlands"]
[Date "2026.04.25"]
[Round "1.10"]
[White "Blok, Lukas"]
[Black "Okita, Ryoga"]
[Result "1-0"]
[TimeControl "90min/40moves + 30sec/move"]
[WhiteTitle "-"]
[BlackTitle "-"]
[WhiteFideId "40110494"]
[BlackFideId "1090666"]
[WhiteElo "1991"]
[BlackElo "1812"]

1. c4 d6 2. Nc3 Nf6 3. g3 g6 4. Bg2 Bg7 5. e4 Nc6 6. Nge2 O-O 7. O-O e5 8. d3 Be6 9. h3 Nd7 10.
Rb1 a5 11. a3 Qc8 12. Kh2 b6 13. f4 f6 14. Be3 Kh8 15. b3 Ne7 16. d4 Rb8 17. Nb5 f5 18. fxe5 dxe5 19. d5 Bg8 20.
Nec3 fxe4 21. g4 Nf6 22. Nxe4 Nxe4 23. Bxe4 Rxf1 24. Qxf1 Qd7 25. Rd1 Nc8 26. b4 axb4 27. axb4 Nd6 28.
Nxd6 cxd6 29. Ra1 Rb7 30. Ra6 Qc7 31. Bd3 b5 32. Rc6 Qd7 33. c5 dxc5 34. Rxc5 Qd8 35. Be4 Qd7 36. Qd3 Rb8 37.
Qc3 Rd8 38. Rc7 Qd6 39. Rc6 Qf8 40. Qc5 Qf1 41. d6 Qc4 42. Qxc4 Bxc4 43. Bg5 Rd7 44. Rc8+ 1-0

[Event "NJSK 2026 Jeugd C"]
[Site "Helmond, Netherlands"]
[Date "2026.04.25"]
[Round "1.11"]
[White "Fu, Ziqing"]
[Black "Omnes, Tiago"]
[Result "0-1"]
[TimeControl "90min/40moves + 30sec/move"]
[WhiteTitle "-"]
[BlackTitle "-"]
[WhiteFideId "40109623"]
[BlackFideId "1091867"]
[WhiteElo "1810"]
[BlackElo "1990"]

1. e4 e5 2. Nf3 Nc6 3. Nc3 Nf6 4. d4 exd4 5. Nxd4 Bb4 6. Nxc6 bxc6 7. Bd3 d5 8. exd5 cxd5 9. O-O O-O 10.
Bg5 Be6 11. Qf3 Be7 12. h3 Qd7 13. Ne2 h6 14. Be3 c5 15. Nf4 c4 16. Be2 Rad8 17. Bd4 Bf5 18. c3 Kh7 19. Rfd1 Be4 20.
Qe3 g5 21. Bxf6 Bxf6 22. Nh5 Qc6 23. Nxf6+ Qxf6 24. Bxc4 Rde8 25. Bd3 Bg6 26. Bxg6+ fxg6 27. Qxa7+ Re7 28. Qd4 Qf7 29. Re1 Rb7 30.
b3 h5 31. Re2 Rc7 32. Rae1 Kh6 33. f3 Rfc8 34. Rc2 Qf5 35. Rec1 Re8 36. c4 dxc4 37. Rxc4 Rce7 38. R4c2 Rd7 39.
Qf2 Red8 40. g4 Qf4 41. Re1 Rd3 42. Kg2 h4 43. Rce2 Rd2 44. a4 R2d3 45. Re3 Qb4 46. Rxd3 Rxd3 47.
Re2 Rxb3 48. Ra2 Rb1 49. a5 Qc4 50. Rc2 Qa4 51. Qc5 Qf4 52. Qf2 Ra1 53. Rc8 Rxa5 54. Rh8+ Kg7 55. Re8 Kf7 56.
Re4 Qd6 57. f4 Qd5 58. fxg5+ Kg8 59. Qe2 Ra2 60. Qxa2 Qxa2+ 61. Kf3 Qh2 62. Re8+ Kf7 63. Re3 Qxh3+ 64. Kf4 Qh2+ 65. Kf3 Qg3+ 66. Ke2 Qxg4+ 67. Rf3+ Kg7 68. Kf2 Qxg5 69. Rb3 Qg4 70. Rb7+ Kh6 71. Rb3 h3 72. Rg3 Qf4+ 73.
Rf3 Qd2+ 74. Kg3 Qg2+ 75. Kf4 h2 76. Re3 Qg5+ 77. Ke4 h1=Q+ 78. Kd3 Qd1+ 79. Kc4 Qgd5+ 80. Kb4 Qb1+ 81. Kc3 Qbb3# 0-1

[Event "NJSK 2026 Jeugd C"]
[Site "Helmond, Netherlands"]
[Date "2026.04.25"]
[Round "1.12"]
[White "Botter, Simon"]
[Black "Mendelsohn, Saffran"]
[Result "1-0"]
[TimeControl "90min/40moves + 30sec/move"]
[WhiteTitle "-"]
[BlackTitle "-"]
[WhiteFideId "40107698"]
[BlackFideId "40108996"]
[WhiteElo "1988"]
[BlackElo "1767"]

1. Nf3 c5 2. c4 Nc6 3. d4 cxd4 4. Nxd4 g6 5. e4 Bg7 6. Be3 d6 7. Nc3 a6 8. Be2 Nf6 9. O-O O-O 10.
Qd2 Bd7 11. f3 Qc7 12. Rfc1 Rfd8 13. Nd5 Qb8 14. Nb6 Ra7 15. Nxd7 Nxd7 16. Nxc6 bxc6 17. Bxa7 Qxa7+ 18. Kh1 c5 19.
Rab1 a5 20. a3 a4 21. b4 Bd4 22. b5 Qb6 23. f4 Kg7 24. Bg4 Nf6 25. Bf3 Nd7 26. Qe1 e5 27. f5 f6 28. fxg6 hxg6 29.
Bd1 Qa7 30. b6 Nxb6 31. Rb5 Rb8 32. Rcb1 Qa6 33. Qa5 Qxa5 34. Rxa5 Nd7 35. Rxb8 Nxb8 36. Bxa4 f5 37. Ra8 fxe4 38.
Rxb8 e3 39. Bd1 e4 40. Be2 Be5 41. a4 Kh6 42. Rd8 1-0